 Dungeon Crawl Stone Soup version 0.27-a0-287-gd4424db430 (webtiles) character file.

Game seed: 15928838535134615724

21 Lanoc the Chopper (level 2, 0/26 HPs)
             Began as a Palentonga Gladiator on Feb 9, 2021.
             Succumbed to an adder's poison
             ... on level 2 of the Dungeon.
             The game lasted 00:00:36 (171 turns).

Lanoc the Chopper (Palentonga Gladiator)             Turns: 171, Time: 00:00:36

Health: 0/26       AC: 10    Str: 17    XL:     2   Next: 65%
Magic:  2/2        EV:  8    Int:  8    God:
Gold:   0          SH:  0    Dex: 11    Spells: 1/1 levels left

rFire    . . .     SeeInvis +   a - +0 war axe
rCold    . . .     Faith    .   (no shield)
rNeg     . . .     Spirit   .   b - +0 leather armour
rPois    .         Reflect  .   c - +0 helmet
rElec    .         Harm     .   (no cloak)
rCorr    .         Rampage  .   (no gloves)
Will     .....                  e - +1 barding
Stlth    +.........             (no amulet)
HPRegen  0.08/turn              (no ring)
MPRegen  0.08/turn              (no ring)

@: lethally poisoned (0 -> -12)
A: large, rugged brown scales 3, see invisible, deformed body, roll 1, armoured
tail
a: Rolling Charge


You were on level 2 of the Dungeon.
You visited 1 branch of the dungeon, and saw 2 of its levels.

Inventory:

Hand Weapons
 a - a +0 war axe (weapon)
Missiles
 d - 3 throwing nets (quivered)
Armour
 b - a +0 leather armour (worn)
 c - a +0 helmet (worn)
 e - a +1 barding (worn)
Scrolls
 f - a scroll of remove curse {unknown}


   Skills:
 + Level 2.3 Fighting
 * Level 3.5 Axes
 - Level 1.3 Throwing
 + Level 2.6 Dodging


You had one spell level left.
You didn't know any spells.
Your spell library was empty.

Dungeon Overview and Level Annotations

Branches:
Dungeon (2/15)

Altars:


Innate Abilities, Weirdness & Mutations

You are completely covered in rugged brown scales. (AC +3, +7% HP)
You have supernaturally acute eyesight. (SInv)
Armour fits poorly on your strangely shaped body.
You can roll at nearby foes to attack.
You have a long armoured tail.


Message History

You feel sick. The adder closely misses you. The adder barely misses you.
You completely miss the adder.
The adder is heavily wounded.
* * * LOW HITPOINT WARNING * * *
You feel sick. The adder barely misses you.
You aren't carrying any potions.
You slash the adder!
You kill the adder!
* * * LOW HITPOINT WARNING * * *
You feel sick.
* * * LOW HITPOINT WARNING * * *
You feel sick.
* * * LOW HITPOINT WARNING * * *
You feel sick.
You see here 6 gold pieces.
* * * LOW HITPOINT WARNING * * *
You feel sick.
* * * LOW HITPOINT WARNING * * *
You feel sick.
You die...

###########
#.........#
#.........#
#######.........# .
#....).@........##..
#.#####...$.........
#......†.....#
###.......?..#. .. .
#...........## . .
.. .# #.#.........#
.#. #. .
###.###.#####.# ...
#.##. .#.......#
##+## #.# ....
.........# ##...##
#.#


There were no monsters in sight!

Vanquished Creatures
  An adder (D:2)
  An ooze (D:2)
  A bat (D:1)
  A giant cockroach (D:2)
  A goblin (D:2)
  A hobgoblin (D:2)
  A frilled lizard (D:2)
  2 rats
9 creatures vanquished.

Notes
Turn   | Place    | Note
-------+----------+-------------------------------------------
     0 | D:1      | Lanoc the Palentonga Gladiator began the quest for the Orb.
     0 | D:1      | Reached XP level 1. HP: 18/18 MP: 1/1
   112 | D:2      | Reached XP level 2. HP: 25/25 MP: 2/2
   170 | D:2      | HP: 1/26 [poisoned by an adder]
   171 | D:2      | Succumbed to an adder's poison

Illustrated notes

Levels and vault maps discovered:
D:1:      lemuel_arrival_hallway, layout_basic
D:2:      layout_loops_corners

Action                   || total
-------------------------++-------
Melee: War axe           ||    30
       Tailslap          ||     3
 Abil: Rolling Charge    ||     2
Armor: Leather armour    ||    14
Dodge: Dodged            ||    13

Table legend: (Time is in decaauts)
 A = Elapsed time spent in this place.
 B = Non-inter-level travel time spent in this place.
 C = Inter-level travel time spent in this place.
 D = Time resting spent in this place.
 E = Time spent auto-exploring this place.
 F = Levels seen in this place.
 G = Mean time per level.
                   A        B        C        D        E       F      G
               +--------+--------+--------+--------+--------+-----+--------+
         Total |    180 |    171 |      9 |      0 |    102 |   2 |   90.0 |
       Dungeon |    180 |    171 |      9 |      0 |    102 |   2 |   90.0 |
               +--------+--------+--------+--------+--------+-----+--------+

Top non-repeatable levels by time:
     D:2: 153 daAuts
     D:1: 27 daAuts
